 Dungeon Crawl Stone Soup version 0.28-a0-472-g50180c0d78 (webtiles) character file.

Game seed: 12906332724484871386

315 DasRunzen the Covered (level 6, -4/48 HPs)
             Began as a Barachi Wanderer on Sept 15, 2021.
             Slain by a bullfrog (6 damage)
             ... in a sewer.
             The game lasted 00:08:41 (2466 turns).

DasRunzen the Covered (Barachi Wanderer)            Turns: 2466, Time: 00:08:42

Health: -4/48      AC:  6    Str: 16    XL:     6   Next: 43%
Magic:  6/6        EV:  8    Int: 19    God:
Gold:   121        SH:  0    Dex: 10    Spells: 5/5 levels left

rFire   + . .      SeeInvis .   c - +0 hand axe
rCold   + . .      Faith    .   (no shield)
rNeg    . . .      Spirit   .   d - +0 ring mail
rPois   +          Reflect  .   (no helmet)
rElec   +          Harm     .   i - scarf {+Inv}
rCorr   +          Rampage  .   (no gloves)
Will    .....                   (no boots)
Stlth   ..........              (no amulet)
HPRegen 0.16/turn               g - +6 ring of intelligence
MPRegen 0.10/turn               (no ring)

@: resistant, hasted, constricted, very quick
A: amphibious, slowness 1, strong legs 1, +LOS
a: Hop, Evoke Invisibility


You were in a sewer.
You visited 1 branch of the dungeon, and saw 3 of its levels.
You also visited: Sewer.

You collected 121 gold pieces.

Inventory:

Hand Weapons
 a - a +2 shortbow of flaming
 c - a +0 hand axe (weapon)
Missiles
 b - 42 arrows
Armour
 d - a +0 ring mail (worn)
 i - a scarf of invisibility (worn)
Jewellery
 g - a +6 ring of intelligence (left hand)
Scrolls
 e - 3 scrolls of identify
 h - 3 scrolls of blinking {unknown}
 j - 4 scrolls of teleportation {unknown}
Potions
 f - a potion of might
 l - 2 potions of magic


   Skills:
 + Level 3.9 Fighting
 + Level 2.4 Axes
 + Level 2.4 Bows
 - Level 1.0 Throwing
 + Level 6.8 Armour
 + Level 2.4 Dodging
 + Level 2.9 Shields


You had 5 spell levels left.
You didn't know any spells.
Your spell library contained the following spells:

 Spells                   Type           Power      Damage    Failure   Level
 Animate Skeleton         Necr           0%         N/A       34%         1
 Apportation              Tloc           0%         N/A       34%         1
 Summon Small Mammal      Summ           0%         N/A       34%         1
 Sublimation of Blood     Necr           0%         N/A       47%         2
 Ignite Poison            Fire/Tmut/Pois 0%         N/A       71%         3
 Mephitic Cloud           Conj/Pois/Air  0%         N/A       71%         3
 Petrify                  Tmut/Erth      0%         N/A       98%         4
 Freezing Cloud           Conj/Ice/Air   0%         6-21      100%        5
 Irradiate                Conj/Tmut      0%         3d14      100%        5


Dungeon Overview and Level Annotations

Branches:
Dungeon (3/15)              Sewer (1/1)

Altars:


Innate Abilities, Weirdness & Mutations

You are amphibious.
You cover ground slowly.
You can hop short distances.
You have an extended range of vision and can be seen from far away.


Message History

You shoot an arrow. The arrow hits the adder!
The arrow burns the adder.
You kill the adder!
You hear a splash.
The ball python bites you but does no damage.
The ball python constricts you.
The ball python bites you but does no damage.
The bullfrog hits you. The adder bites you but does no damage.
The ball python closely misses you. The ball python constricts you.
Fire: 42 arrows
Press: ? - help, Q - select action, (/) - cycle Shift-Dir - straight line, f - ball python
Aim: a ball python (water, constricting you, 57% to hit)
Okay, then.
Your +2 shortbow of flaming stops flaming.
c - a +0 hand axe (weapon)
The ball python bites you but does no damage.
The bullfrog hits you!
* * * LOW HITPOINT WARNING * * *
Unknown command.
It was a potion of magic.
Magic courses through your body. The bullfrog hits you.
* * * LOW HITPOINT WARNING * * *
The adder bites you but does no damage. The ball python closely misses you.
The ball python bites you but does no damage.
The ball python constricts you.
The ball python bites you but does no damage. x2
The bullfrog hits you.
* * * LOW HITPOINT WARNING * * *
The adder barely misses you.
It was a potion of resistance.
You feel protected.
The ball python bites you but does no damage.
The ball python constricts you. The ball python barely misses you.
The bullfrog barely misses you. The adder bites you but does no damage.
The ball python closely misses you. The ball python bites you.
* * * LOW HITPOINT WARNING * * *
The ball python constricts you.
It was a potion of haste.
You feel yourself speed up.
The ball python bites you but does no damage.
The bullfrog hits you.
You die...

####################
###..≈≈≈≈≈≈≈≈(≈≈≈≈(≈..
##...≈≈≈≈≈≈≈≈..≈≈≈≈≈≈≈.
#....≈≈≈≈≈≈≈≈≈≈≈≈≈≈≈≈≈.
#....≈≈≈≈≈≈≈≈≈F≈(≈≈≈#≈.
##....≈≈≈≈≈≈≈≈SSF≈≈≈≈≈(.
#......≈≈≈≈≈≈≈S@SS≈(≈≈#
#....##################
##...#### #....#..#
#....'..# #...##### ##...##
#....####################
#.....#≈≈≈≈≈#≈≈≈≈≈≈≈≈≈#.###


You could see 2 bullfrogs, an adder and 4 ball pythons.

Vanquished Creatures
  A water moccasin zombie (D:3)
  An orc priest (D:3)
  10 adders
  4 river rats (Sewer)
  3 worms
  A dart slug (D:1)
  4 orcs
  7 endoplasms
  2 giant cockroaches (D:2)
  4 goblins
  4 hobgoblins
  6 kobolds
  4 quokkas
  15 ball pythons
  6 bats
  28 rats
100 creatures vanquished.

Notes
Turn   | Place    | Note
-------+----------+-------------------------------------------
     0 | D:1      | DasRunzen the Barachi Wanderer began the quest for the Orb.
     0 | D:1      | DasRunzen set off with the following items: a +2 shortbow,
                  | 29 arrows, a +0 hand axe, a +0 ring mail
     0 | D:1      | Reached XP level 1. HP: 17/17 MP: 1/1
   209 | D:1      | Reached XP level 2. HP: 23/23 MP: 2/2
   668 | D:1      | Found a faded altar of an unknown god.
   758 | D:2      | Reached XP level 3. HP: 20/28 MP: 3/3
   897 | D:2      | Reached skill level 1 in Axes
  1021 | D:2      | Reached skill level 1 in Dodging
  1579 | D:3      | Reached XP level 4. HP: 35/35 MP: 4/4
  1740 | D:3      | Reached XP level 5. HP: 14/41 MP: 5/5
  1987 | D:3      | Found a glowing drain.
  2002 | Sewer    | Entered a sewer
  2200 | Sewer    | Reached XP level 6. HP: 48/48 MP: 6/6
  2465 | Sewer    | HP: 2/48 [ball python (1)]
  2466 | Sewer    | Slain by a bullfrog

Illustrated notes

Levels and vault maps discovered:
D:1:      dpeg_arrival_pits, layout_basic,
          hellmonk_ecumenical_altar_leap_of_faith, nrook_mini_vaults,
          minmay_pentomino_z2
D:2:      layout_basic
D:3:      layout_loops_ring, cheibriados_altar_1, nemelex_spade_bored_becter,
          mainiacjoe_overflow_alcove_2, gup_sewer_entry_bubbles, uniq_purgy,
          uniq_crazy_yiuf_cottage
Sewer:    sewer_minmay_w

Skill      XL: |  1  2  3  4  5 |
---------------+----------------+-----
Axes           | 1 2 |  2.4
Dodging        | 1 2 |  2.4
Fighting       | 3 |  3.9
Bows           | 2 |  2.4
Shields        | 2 |  2.9
Throwing       | |  1.0
Armour         | |  6.8

Action                   |  1- 3 |  4- 6 || total
-------------------------+-------+-------++-------
Melee: Hand axe          |    18 |     7 ||    25
 Fire: Shortbow          |    76 |   161 ||   237
  Use: Scroll            |     4 |       ||     4
       Potion            |       |     3 ||     3
Armor: Ring mail         |    18 |    58 ||    76
Dodge: Dodged            |    12 |    68 ||    80

Table legend: (Time is in decaauts)
 A = Elapsed time spent in this place.
 B = Non-inter-level travel time spent in this place.
 C = Inter-level travel time spent in this place.
 D = Time resting spent in this place.
 E = Time spent auto-exploring this place.
 F = Levels seen in this place.
 G = Mean time per level.
                   A        B        C        D        E       F      G
               +--------+--------+--------+--------+--------+-----+--------+
         Total |   2836 |   2791 |     45 |     95 |   1654 |   4 |  709.0 |
       Dungeon |   2321 |   2276 |     45 |      0 |   1517 |   3 |  773.7 |
         Sewer |    515 |    515 |      0 |     95 |    137 |   1 |  515.0 |
               +--------+--------+--------+--------+--------+-----+--------+

Top non-repeatable levels by time:
     D:2: 972 daAuts
     D:1: 846 daAuts
   Sewer: 515 daAuts
     D:3: 502 daAuts
